 Dungeon Crawl Stone Soup version 0.31.0-32-g396128a36d (webtiles) character file.

Game seed: 2444263366401545013

89 AdnanSaban the Covered (level 4, -3/29 HPs)
             Began as a Gargoyle Fighter on Apr 18, 2024.
             Killed by nerve-wracking pain
             ... invoked by Grinder
              (4 damage)
             ... on level 3 of the Dungeon.
             The game lasted 00:01:42 (1251 turns).

AdnanSaban the Covered (Gargoyle Fighter)           Turns: 1251, Time: 00:01:42

Health: -3/29      AC: 10    Str: 21    XL:     4   Next: 55%
Magic:  4/4        EV:  9    Int:  9    God:
Gold:   98         SH:  4    Dex:  9    Spells: 3/3 levels left

rFire   . . .        a - +0 flail
rCold   . . .        c - +0 buckler
rNeg    + . .        b - +0 scale mail
rPois   ∞            (no helmet)
rElec   +            (no cloak)
rCorr   .            (no gloves)
SInv    .            (no boots)
Will    .....        (no amulet) Stlth
                     (no ring)
HPRegen 0.24/turn    (no ring)
MPRegen 0.09/turn

%: no passive effects
@: no status effects
A: sickness immunity, AC +3, negative energy resistance 1, electricity
resistance, torment resistance 1, petrification resistance
a: no special abilities


You were on level 3 of the Dungeon.
You visited 1 branch of the dungeon, and saw 3 of its levels.

You collected 98 gold pieces.

Inventory:

Hand Weapons
 a - a +0 flail (weapon)
Armour
 b - a +0 scale mail (worn)
 c - a +0 buckler (worn)
Jewellery
 e - a ring of fire
Scrolls
 f - 3 scrolls of fear {unknown}
 g - 2 scrolls of identify {unknown}
 h - a scroll of enchant armour {unknown}
 k - a scroll of summoning {unknown}
 l - a scroll of brand weapon {unknown}
Potions
 d - 2 potions of might
 i - a potion of attraction {unknown}
 j - a potion of curing {unknown}


   Skills:
 + Level 3.7 Fighting
 + Level 3.0 Maces & Flails
 + Level 3.9 Armour
 + Level 0.9 Dodging
 + Level 3.8 Shields


You had 3 spell levels left.
You didn't know any spells.
Your spell library contained the following spells:

 Spells                   Type           Power      Damage    Failure   Level
 Foxfire                  Conj/Fire      0%         2x1d4     80%         1
 Ensorcelled Hibernation  Hex/Ice        0%         N/A       90%         2
 Passwall                 Erth           0%         N/A       99%         3
 Swiftness                Air            0%         N/A       99%         3
 Plasma Beam              Fire/Air       0%         2x1d10    100%        6
 Starburst                Conj/Fire      0%         6d3       100%        6


Dungeon Overview and Level Annotations

Branches:
Dungeon (3/15)

Altars:
Hepliaklqana

Shops:
D:1 (   D:2 !   D:3 (

Annotations:
D:2 Sigmund
D:3 Grinder


Innate Abilities, Weirdness & Mutations

You are immune to sickness and miasma.
Your stone body is resilient. (AC +3)
You are immune to poison.
You resist negative energy. (rN+)
You are resistant to electric shocks. (rElec)
You are resistant to unholy torment.
You are immune to petrification.


Message History

Grinder is moderately wounded.
Grinder gestures at you.
You barely resist. You closely miss Grinder.
Grinder is moderately wounded.
Grinder barely misses you. Grinder hits you.
You writhe in agony.
You closely miss Grinder.
Grinder is moderately wounded.
Grinder closely misses you.
You barely miss Grinder.
Grinder is moderately wounded.
Grinder gestures at you.
You suddenly lose the ability to move!
Grinder hits you but does no damage. Grinder hits you.
You writhe in agony.
You can move again.
You closely miss Grinder.
Grinder is moderately wounded.
Grinder completely misses you.
Grinder says, "I used to sell toenails on the black market."
Grinder gestures at you.
You shrug off the repeated paralysis!
You hit Grinder but do no damage.
Grinder is moderately wounded.
Grinder hits you.
You writhe in agony.
* * * LOW HITPOINT WARNING * * *
You barely miss Grinder.
Grinder is moderately wounded.
Grinder closely misses you.
You hit Grinder but do no damage.
Grinder is moderately wounded.
Grinder gestures at you. Pain shoots through your body!
* * * LOW HITPOINT WARNING * * *
You hit Grinder.
Grinder is moderately wounded.
Grinder gestures at you. Pain shoots through your body!
You die...
Grinder says, "Now the real fun starts!"

#P#.......#......
#.#.....#.#.###..
#b#.#####.#.#.#..
###.......#...#..
#.###########.. ..
..........
################>#
#.####5...............#
#.....@..##############
######.#.# #......#.#
#........# ########.#
#.# #.# ##


You could see Grinder.

Vanquished Creatures
  4 adders
  3 dart slugs
  3 ribbon worms (D:2)
  3 ball pythons
  5 bats
  3 endoplasms
  A giant cockroach (D:2)
  6 goblins
  3 hobgoblins (D:1)
  4 kobolds
  A quokka (D:1)
  2 frilled lizards (D:1)
  7 rats
45 creatures vanquished.

Notes
Turn   | Place    | Note
-------+----------+-------------------------------------------
     0 | D:1      | AdnanSaban the Gargoyle Fighter began the quest for the
                  | Orb.
     0 | D:1      | Reached XP level 1. HP: 14/14 MP: 1/1
    34 | D:1      | Reached XP level 2. HP: 17/19 MP: 2/2
    47 | D:1      | Found Jedym's Weapon Boutique.
   319 | D:1      | Reached XP level 3. HP: 24/24 MP: 3/3
   445 | D:2      | Found Wasmacw's Distillery.
   445 | D:2      | Noticed Sigmund
   491 | D:2      | Found a hazy altar of Hepliaklqana.
   722 | D:2      | Reached XP level 4. HP: 29/29 MP: 4/4
   980 | D:3      | Found Unoisuew's Antique Weapon Boutique.
  1227 | D:3      | Noticed Grinder
  1234 | D:3      | Paralysed by Grinder for 2 turns
  1244 | D:3      | Paralysed by Grinder for 3 turns
  1250 | D:3      | HP: 1/29 [Grinder/nerve-wracking pain (7)]
  1251 | D:3      | Killed from afar by Grinder

Illustrated notes

Levels and vault maps discovered:
D:1:      shiori_arrival_oz, layout_basic, serial_shops,
          nicolae_shop_bloodbath_and_beyond
D:2:      layout_basic, basic_altar, serial_shops, shop,
          chequers_serial_rivers_micro_e, uniq_sigmund
D:3:      layout_basic, serial_shops, nicolae_shop_tiny_real_fake_doors,
          serial_aquarium, aquarium_bridge_square [aquarium_subvault_window,
          aquarium_subvault_window, aquarium_subvault_balcony,
          aquarium_subvault_bridge], aquarium_window_double, aquarium_window_1,
          aquarium_window_1, aquarium_window_1, aquarium_view_2b,
          aquarium_view_2f, aquarium_pool_2, uniq_grinder

Skill      XL: |  1  2  3  4 |
---------------+-------------+-----
Maces & Flails | 3 |  3.0
Fighting       | |  3.7
Armour         | |  3.9
Dodging        | |  0.9
Shields        | |  3.8

Action                     |  1- 3 |  4- 6 || total
---------------------------+-------+-------++-------
  Melee: Flail             |   124 |    57 ||   181
 Armour: Scale mail        |   118 |    49 ||   167
  Dodge: Dodged            |    66 |    19 ||    85
  Block: Buckler           |    31 |    16 ||    47
